 Dungeon Sprint DCSS version 0.17.0-28-g6e173f8 (webtiles) character file.

940 xeno23 the Basher (level 7, -17/78 HPs)
             Began as a Minotaur Berserker on Nov 24, 2015.
             Was a Priest of Trog.
             Demolished by a boulder beetle (30 damage)
             ... in the Dungeon (Sprint II: "The Violet Keep of Menkaure").
             The game lasted 00:07:52 (419 turns).

xeno23 the Basher (Minotaur Berserker)               Turns: 419, Time: 00:07:52

Health: -17/78     AC:  2    Str: 24    XL:     7   Next: 88%
Magic:  6/6        EV: 14    Int:  4    God:    Trog [***...]
Gold:   513        SH:  0    Dex:  9    Spells: 0 memorised, 6 levels left

rFire  . . .     SeeInvis .     a - +0 mace
rCold  . . .     Clarity  .     b - +0 animal skin
rNeg   . . .     SustAt   .     (no shield)
rPois  .         Gourm    .     (helmet restricted)
rElec  .         Spirit   .     (no cloak)
rCorr  .         Warding  .     (no gloves)
rMut   .         NoTele   +     (no boots)
MR     .....                    (no amulet)
Stlth  +.........               (no ring)
                                (no ring)

@: exhausted, slowed, very slow, not resistant to hostile enchantments, very
unstealthy
A: retaliatory headbutt, horns 2
a: Berserk, Trog's Hand, Burn Spellbooks, Renounce Religion


You were in the Dungeon.
You worshipped Trog.
Trog was most pleased with you.
You were hungry.

You visited 1 branch You collected 729 gold pieces.
You spent 216 gold pieces at shops.

Inventory:

Hand Weapons
 a - a +0 mace (weapon)
Armour
 b - a +0 animal skin (worn)
Wands
 j - a wand of slowing (14)
Scrolls
 i - a scroll of blinking
Potions
 d - a potion of curing
 e - a potion of heal wounds
 f - a potion of haste
 g - 2 potions of magic
 h - a potion of berserk rage
Comestibles
 c - a bread ration
 k - 3 chunks of flesh


   Skills:
 * Level 12.8 Fighting
 * Level 12.9 Maces & Flails
 + Level 7.3 Armour
 + Level 7.1 Dodging


You had 6 spell levels left.
You didn't know any spells.

Dungeon Overview and Level Annotations

Branches:
Dungeon (1/1)

Altars:

Shops:
D [!:=}[(?:=%?=!?}

Annotations:
D exclusion: oklob plant, Roxanne


Innate Abilities, Weirdness & Mutations

You reflexively headbutt those who attack you in melee.
You have a pair of horns on your head.


Message History

You hit the boulder beetle but do no damage.
You headbutt the boulder beetle, but do no damage.
The boulder beetle is severely wounded.
You hit the boulder beetle but do no damage.
The boulder beetle is severely wounded.
The boulder beetle bites you!
You take 9 damage.
You sock the boulder beetle! You headbutt the boulder beetle.
The boulder beetle is severely wounded.
The boulder beetle bites you!!
* * * LOW HITPOINT WARNING * * *
You take 20 damage.
You hit the boulder beetle but do no damage.
You headbutt the boulder beetle, but do no damage.
The boulder beetle is severely wounded.
You barely miss the boulder beetle.
You headbutt the boulder beetle, but do no damage.
The boulder beetle is severely wounded.
The boulder beetle bites you!!
You die...

#########≈≈#+++#+++##
########≈≈≈.........#
.......#≈≈≈≈.##'##..#
..⌠....#≈≈≈≈##.).##
.∩.∩...#≈≈≈≈#..#..#
∩.∩.∩..#≈≈####...## #
.∩.∩.∩.#≈##.###'## .##
∩...∩.∩#≈#.#.##.##...#
.....∩.'≈'##.'.<@B#
......∩#≈##..##.##B..#
▓▓▓▓▓###≈##.###†## .##
HH######≈≈####.#.## #


hh#h$ ##≈≈≈#.###.# P?+$.# #'#≈##.#.## § ..#%##§ #.#≈≈##'##≈≈≈§ $.###§§
####≈≈≈≈≈≈≈≈§≈ +# #+++#+++#≈§ You could see 2 boulder beetles.

Vanquished Creatures
  A siren (D)
  2 hippogriffs (D)
  Menkaure (D)
  4 brain worms (D)
8 creatures vanquished.

Vanquished Creatures (others)
  A crocodile (D)
  A scorpion (D)
2 creatures vanquished.

Grand Total: 10 creatures vanquished

Notes
Turn   | Place    | Note
--------------------------------------------------------------
     0 | D        | xeno23 the Minotaur Berserker began the quest for the Orb.
     0 | D        | Reached XP level 1. HP: 19/19 MP: 0/0
     1 | D        | Noticed a brain worm
     1 | D        | Noticed a brain worm
     1 | D        | Noticed a brain worm
     1 | D        | Noticed a brain worm
     4 | D        | Lost intelligence.
     8 | D        | Killed a brain worm
     8 | D        | Reached skill level 7 in Fighting
     8 | D        | Reached XP level 2. HP: 23/34 MP: 1/1
     8 | D        | Reached XP level 3. HP: 26/39 MP: 2/2
     8 | D        | Reached XP level 4. HP: 31/47 MP: 3/3
     9 | D        | Killed a brain worm
     9 | D        | Reached ** piety under Trog
     9 | D        | Reached skill level 8 in Fighting
    11 | D        | Killed a brain worm
    11 | D        | Reached skill level 9 in Fighting
    11 | D        | Reached XP level 5. HP: 36/57 MP: 4/4
    13 | D        | Killed a brain worm
    13 | D        | Reached skill level 5 in Armour
    37 | D        | Found Maad's Gadget Shop.
    37 | D        | Killed a crocodile
    38 | D        | Found Ponang's Magic Scroll Boutique.
    38 | D        | Found Otisogg's Magic Scroll Shop.
    38 | D        | Found Bosk's Jewellery Shop.
    38 | D        | Found Ciulic's Jewellery Boutique.
    38 | D        | Found Ufanero's Food Boutique.
    38 | D        | Found Zishotet's Magic Scroll Shop.
    38 | D        | Found Paor's Book Shop.
    39 | D        | Found Ocraitaj's Distillery.
    39 | D        | Found Rerev's Antique Weapon Shop.
    39 | D        | Found Henaruyph's Antique Armour Boutique.
    43 | D        | Noticed a scorpion
   126 | D        | Killed a scorpion
   185 | D        | Found Feuhoe's Gadget Shop.
   185 | D        | Found Buesk's Jewellery Boutique.
   185 | D        | Noticed Menkaure
   185 | D        | Noticed a polar bear
   185 | D        | Noticed a polar bear
   185 | D        | Noticed an oklob plant
   201 | D        | Killed Menkaure
   201 | D        | Reached skill level 10 in Fighting
   201 | D        | Reached skill level 10 in Maces & Flails
   201 | D        | Reached skill level 5 in Dodging
   201 | D        | Reached XP level 6. HP: 67/67 MP: 5/5
   243 | D        | Noticed an obsidian statue
   251 | D        | Noticed a griffon
   259 | D        | Noticed Roxanne
   261 | D        | Noticed a siren
   267 | D        | Killed a siren
   267 | D        | Reached *** piety under Trog
   267 | D        | Reached skill level 12 in Fighting
   267 | D        | Reached XP level 7. HP: 77/77 MP: 6/6
   298 | D        | Noticed a hippogriff
   298 | D        | Noticed a hippogriff
   304 | D        | Killed a hippogriff
   312 | D        | Killed a hippogriff
   350 | D        | Noticed a boulder beetle
   350 | D        | Noticed a boulder beetle
   361 | D        | Noticed a griffon
   363 | D        | Noticed a griffon
   363 | D        | Found Oloff's Distillery.
   363 | D        | Found Zaeciwn's Antique Armour Boutique.
   363 | D        | Found Foobo's Book Shoppe.
   369 | D        | Noticed a hell hog
   370 | D        | Noticed a hell hog
   381 | D        | Bought a pitted morningstar for 216 gold pieces
   381 | D        | Lost intelligence.
   381 | D        | Identified the +6 morningstar "Wostrum" {crush, rN+ Str+2 Int-5} (You bought it in a shop in the Dungeon)
   419 | D        | Demolished by a boulder beetle

Action                   |  1- 3 |  4- 6 |  7- 9 || total
-------------------------+-------+-------+-------++-------
Melee: Mace              |     3 |    13 |    22 ||    38
Invok: Berserk           |     1 |     2 |     1 ||     4
       Trog's Hand       |       |       |     1 ||     1
  Eat: Chunk             |       |       |     2 ||     2
